 Dungeon Crawl Stone Soup version 0.28.0-1-gb440e238dd (webtiles) character file.

Game seed: 5421653640484212030

1033 Descartes the Shooter (level 8, -5/43 HPs)
             Began as a Deep Elf Wanderer on Feb 18, 2022.
             Was an Initiate of Gozag.
             Slain by a hornet zombie (7 damage)
             ... on level 5 of the Dungeon.
             The game lasted 00:13:21 (5890 turns).

Descartes the Shooter (Deep Elf Wanderer)           Turns: 5890, Time: 00:13:22

Health: -5/43      AC:  6    Str: 10    XL:     8   Next: 3%
Magic:  17/17      EV: 17    Int: 18    God:    Gozag
Gold:   179        SH:  5    Dex: 15    Spells: 6/17 levels left

rFire   . . .      SeeInvis .   a - +3 shortbow
rCold   . . .      Faith    .   (shield currently unavailable)
rNeg    . . .      Spirit   .   n - +0 leather armour
rPois   .          Reflect  +   D - +2 helmet
rElec   .          Harm     .   (no cloak)
rCorr   .          Rampage  .   (no gloves)
Will    .....                   (no boots)
Stlth   ++........              x - amulet of reflection
HPRegen 0.14/turn               q - +4 ring of evasion
MPRegen 0.15/turn               (no ring)

@: gold aura
A: no striking features
a: Renounce Religion, Potion Petition, Call Merchant, Bribe Branch


You were on level 5 of the Dungeon.
You worshipped Gozag.
Gozag was aware of your devotion.
You visited 2 branches of the dungeon, and saw 6 of its levels.

You collected 259 gold pieces.
You paid 80 gold pieces to Gozag.

Inventory:

Hand Weapons
 a - a +3 shortbow (weapon)
 b - a +2 dagger of speed
 d - a +0 dagger
 w - a +0 quarterstaff
Missiles
 e - 152 stones
 m - 45 sling bullets
 t - 17 poisoned darts
 v - 23 bolts
 z - 4 datura-tipped darts
Armour
 c - a +0 robe
 n - a +0 leather armour (worn)
 u - a +0 plate armour
 B - a +0 helmet
 D - a +2 helmet (worn)
Magical Staves
 f - a staff of cold
Jewellery
 g - a ring of fire
 q - a +4 ring of evasion (left hand)
 x - an amulet of reflection (around neck)
Wands
 C - a wand of acid (12)
Scrolls
 h - a scroll of vulnerability {unknown}
 i - 3 scrolls of teleportation {unknown}
 j - 5 scrolls of identify {unknown}
 y - 2 scrolls of enchant weapon {unknown}
Potions
 k - a potion of brilliance {unknown}
 l - a potion of haste
 o - a potion of flight
 r - a potion of experience {unknown}
 s - a potion of curing {unknown}


   Skills:
 - Level 1.0 Fighting
 - Level 5.3 Bows
 - Level 1.0 Throwing
 + Level 4.2 Dodging
 - Level 1.2 Stealth
 - Level 5.0 Spellcasting
 + Level 4.6 Conjurations
 + Level 3.4 Translocations
 + Level 2.9 Air Magic
 + Level 3.4 Earth Magic
 + Level 3.2 Poison Magic


You had 6 spell levels left.
You knew the following spells:

 Your Spells              Type           Power      Damage    Failure   Level
a - Magic Dart            Conj           84%        1d7       2%          1
b - Mephitic Cloud        Conj/Pois/Air  17%        N/A       12%         3
c - Searing Ray           Conj           42%        2d6       4%          2
d - Lee's Rapid Deconstr  Erth           8%         3d8*      77%         5

Your spell library contained the following spells:

 Spells                   Type           Power      Damage    Failure   Level
 Poisonous Vapours        Pois/Air       30%        N/A       8%          2
 Gell's Gravitas          Tloc           16%        N/A       13%         3
 Lesser Beckoning         Tloc           16%        N/A       13%         3
 Teleport Other           Tloc           16%        N/A       13%         3
 Corpse Rot               Necr/Air       18%        N/A       16%         2
 Slow                     Hex            16%        N/A       19%         1
 Iskenderun's Mystic Bla  Conj/Tloc      19%        2d6       34%         4
 Confusing Touch          Hex            4%         N/A       47%         3
 Vampiric Draining        Necr           4%         2d6       47%         3
 Fulminant Prism          Conj/Hex       6%         3d7       56%         4
 Animate Dead             Necr           2%         N/A       87%         4
 Haunt                    Necr/Summ      2%         N/A       100%        7
 Infestation              Necr           2%         N/A       100%        8


Dungeon Overview and Level Annotations

Branches:
Dungeon (5/15)             Temple (1/1) D:5

Altars:
Ashenzari
Cheibriados
Dithmenos
Gozag
Kikubaaqudgha
Okawaru
Ru
Sif Muna
Uskayaw
Vehumet
Xom
Yredelemnul
Zin
The Shining One

Annotations:
D:4 !


Message History

There is a staircase to the Ecumenical Temple, spattered with blood here.
The water moccasin zombie bites you. The hornet zombie hits you!
The water moccasin zombie bites you but does no damage.
The water moccasin zombie closely misses you.
Casting: Searing Ray (safe; 4% risk of failure)
Confirm with . or Enter, or press ? or * to list all spells.
Aiming: Searing Ray (safe; 4% risk of failure)
Press: ? - help, Shift-Dir - straight line The searing ray hits the hornet zombie!
The hornet zombie is severely damaged.
The searing ray hits the water moccasin zombie!
The water moccasin zombie is almost destroyed. (Press . to maintain the ray.)
The hornet zombie closely misses you. The hornet zombie misses you.
The searing ray hits the hornet zombie but does no damage.
The hornet zombie is severely damaged.
The searing ray hits the water moccasin zombie.
The water moccasin zombie is almost destroyed.
The hornet zombie closely misses you.
Unknown command.
The searing ray hits the hornet zombie.
The hornet zombie is almost destroyed.
The searing ray misses the water moccasin zombie.
The hornet zombie hits you but does no damage.
Unknown command.
The searing ray hits the hornet zombie.
The hornet zombie is almost destroyed.
The searing ray hits the water moccasin zombie!
You destroy the water moccasin zombie!
You finish channelling your searing ray.
The hornet zombie hits you!
* * * LOW HITPOINT WARNING * * *
The hornet zombie hits you!
* * * LOW HITPOINT WARNING * * *
You have reached level 8!
You feel clever.
It was a potion of magic.
Magic courses through your body. The hornet zombie hits you!
You die...
Your body crumbles into a pile of gold.

..... ..........# ...>. .#.###
##........# .....###.......
#......... .....##.......
#......#.. ...#..........
#......#.. ..#...........
#######...##....
.##....##...(#####⌠...⌠#####...#.
##.##...#....#...#.....#...#...##
............().⌠@Z$.>....⌠....###
.............#...#.....#...#.....
##.....###...#####⌠...⌠#####.....
.......####... ####### ##....
†.......# #.... #........
........# #....# ....##..##
........# ...... .## #####
###....## #...... # #....#
##......


You could see a hornet zombie.

Vanquished Creatures
  Grinder (D:3)
  2 necrophages
  A scorpion (D:5)
  A water moccasin zombie (D:5)
  2 orc priests
  A gnoll shaman (D:4)
  2 hounds
  2 iguanas
  Natasha (thrice) (D:3)
  An orc wizard (D:4)
  A killer bee zombie (D:5)
  10 adders
  4 gnolls (D:4)
  A howler monkey skeleton (D:5)
  An adder skeleton (D:4)
  5 worms
  9 orcs
  6 endoplasms
  4 giant cockroaches
  8 goblins
  11 hobgoblins
  2 jackals (D:3)
  13 kobolds
  A quokka (D:4)
  5 ball pythons
  4 bats
  2 frilled lizards
  7 rats
110 creatures vanquished.

Vanquished Creatures (others)
  3 plants (D:4)
3 creatures vanquished.

Grand Total: 113 creatures vanquished

Notes
Turn   | Place    | Note
-------+----------+-------------------------------------------
     0 | D:1      | Descartes the Deep Elf Wanderer began the quest for the
                  | Orb.
     0 | D:1      | Descartes set off with the following items: a +3 shortbow,
                  | 23 arrows, a +0 robe; and the following spell memorised:
                  | Magic Dart; and the following spells available to memorise:
                  | Mephitic Cloud
     0 | D:1      | Reached XP level 1. HP: 12/12 MP: 5/5
   138 | D:1      | Reached skill level 1 in Dodging
   172 | D:1      | Reached XP level 2. HP: 16/16 MP: 7/7
  1008 | D:2      | Reached XP level 3. HP: 20/20 MP: 9/9
  1190 | D:2      | Learned a level 3 spell: Mephitic Cloud
  1517 | D:2      | Reached XP level 4. HP: 25/25 MP: 10/10
  1878 | D:2      | Found a faded altar of an unknown god.
  1999 | D:3      | Reached skill level 1 in Earth Magic
  2022 | D:3      | Found a shadowy altar of Dithmenos.
  2043 | D:3      | Noticed Natasha
  2060 | D:3      | Killed Natasha
  2176 | D:3      | Noticed Grinder
  2194 | D:3      | Killed Grinder
  2195 | D:3      | Reached skill level 1 in Translocations
  2195 | D:3      | Reached skill level 1 in Air Magic
  2195 | D:3      | Reached skill level 1 in Poison Magic
  2195 | D:3      | Reached XP level 5. HP: 20/29 MP: 9/12
  2195 | D:3      | Reached XP level 6. HP: 23/34 MP: 9/13
  2198 | D:3      | Learned a level 2 spell: Searing Ray
  2204 | D:3      | Learned a level 5 spell: Lee's Rapid Deconstruction
  2281 | D:3      | Noticed Natasha
  2287 | D:3      | Killed Natasha
  2288 | D:3      | Noticed Natasha
  2302 | D:3      | Killed Natasha
  3513 | D:4      | Found an iron altar of Okawaru.
  3553 | D:4      | Reached XP level 7. HP: 38/38 MP: 15/15
  4040 | D:4      | Found a radiant altar of Vehumet.
  4163 | D:5      | Entered Level 5 of the Dungeon
  4175 | D:5      | Found a glowing silver altar of Zin.
  5088 | D:5      | Reached skill level 5 in Spellcasting
  5444 | D:5      | Found a staircase to the Ecumenical Temple.
  5466 | Temple   | Entered the Ecumenical Temple
  5557 | Temple   | Became a worshipper of Gozag Ym Sagoz the Greedy
  5890 | D:5      | Reached XP level 8. HP: 2/43 MP: 11/17
  5890 | D:5      | Slain by a hornet zombie

Illustrated notes

Levels and vault maps discovered:
D:1:      minmay_arrival_cross, layout_loops_ring
D:2:      layout_loops_ring, dilly_ecumenical_altar_fadedgnrine, dk_vineyard_1,
          kennysheep_generic_room_5
D:3:      layout_basic, nicolae_dithmenos_the_darkroom, uniq_natasha,
          uniq_grinder
D:4:      layout_rooms, mainiacjoe_overflow_24_doors,
          kennysheep_okawaru_gauntlet, nrook_mini_backslash,
          serial_bayou_lagoon_a
D:5:      layout_cave_pools, old_standard_altar,
          minmay_temple_entry_antechambers, uniq_crazy_yiuf_cottage
Temple:   zaba_magenta_temple

Skill      XL: |  1  2  3  4  5  6  7 |
---------------+----------------------+-----
Spellcasting   | 2 3 4 5 |  5.0
Dodging        | 1 2 3 4 |  4.2
Conjurations   | 3 4 |  4.6
Earth Magic    | 2 3 |  3.4
Translocations | 1 2 3 |  3.4
Air Magic      | 1 2 |  2.9
Poison Magic   | 1 2 3 |  3.2
Fighting       | |  1.0
Bows           | |  5.3
Throwing       | |  1.0
Stealth        | |  1.2

Action                   |  1- 3 |  4- 6 |  7- 9 || total
-------------------------+-------+-------+-------++-------
 Fire: Shortbow          |    89 |   142 |    40 ||   271
 Cast: Magic Dart        |     3 |    41 |    93 ||   137
       Searing Ray       |       |       |     3 ||     3
  Use: Potion            |       |       |     3 ||     3
Armor: Robe              |     1 |       |       ||     1
       Leather armour    |       |     1 |    10 ||    11
Dodge: Dodged            |    16 |    51 |    63 ||   130
Block: Other             |       |       |    14 ||    14
